 Dungeon Crawl Stone Soup version 0.30.1-4-g462c640d31 (webtiles) character file.

Game seed: 443648472843932260

2 hawla the Firebug (level 1, -2/14 HPs)
             Began as a Meteoran Fire Elementalist on Sept 8, 2023.
             Slain by an orc
             ... wielding a +0 whip
              (4 damage)
             ... on level 3 of the Dungeon.
             The game lasted 00:00:53 (150 turns).

hawla the Firebug (Meteoran Fire Elementalist)       Turns: 150, Time: 00:00:53

Health: -2/14      AC:  2    Str:  9    XL:     1   Next: 57%
Magic:  4/5        EV: 12    Int: 16    God:
Gold:   4          SH:  0    Dex: 14    Spells: 4/5 levels left

rFire   . . .        (no weapon)
rCold   . . .        (no shield)
rNeg    . . .        a - +0 robe
rPois   .            (no helmet)
rElec   .            (no cloak)
rCorr   .            (no gloves)
SInv    .            (no boots)
Will    .....        (no amulet)
Stlth   +            (no ring)
HPRegen 0.22/turn    (no ring)
MPRegen 0.09/turn

%: no passive effects
@: brilliant, glowing
A: sense surroundings 1, otherworldly, glowing, explore regen
a: no special abilities


You were on level 3 of the Dungeon.
You visited 1 branch of the dungeon, and saw 3 of its levels.

You collected 4 gold pieces.

Inventory:

Armour
 a - a +0 robe (worn)
Potions
 b - a potion of magic


   Skills:
 + Level 2.5 Dodging
 - Level 1.4 Stealth
 + Level 2.7 Spellcasting
 + Level 1.2 Conjurations
 + Level 3.7 Fire Magic


You had 4 spell levels left.
You knew the following spells:

 Your Spells              Type           Power      Damage    Failure   Level
a - Foxfire               Conj/Fire      60%        2x1d7     7%          1

Your spell library contained the following spells:

 Spells                   Type           Power      Damage    Failure   Level
 Scorch                   Fire           42%        2d6       6%          2
 Necrotise                Necr           12%        1d4       19%         1
 Inner Flame              Hex/Fire       12%        N/A       26%         3
 Volatile Blastmotes      Fire/Tloc      24%        2d12      26%         3
 Vampiric Draining        Necr           3%         2d6       50%         3
 Flame Wave               Conj/Fire      15%        2d7       56%         4
 Agony                    Necr           3%         N/A       99%         5


Dungeon Overview and Level Annotations

Branches:
Dungeon (3/15) Zot: 1649

Altars:
Qazlal


Innate Abilities, Weirdness & Mutations

You passively map a small area around you.
You are easily found by Zot.
You glow in the dark.
You regain HP and MP as you explore.


Message History

Casting: Foxfire (safe; 7% risk of failure)
Confirm with . or Enter, or press ? or * to list all spells.
You don't know that spell.
The foxfire hits the orc.
The orc is moderately wounded.
The foxfire hits the orc.
The orc is heavily wounded.
Casting: Foxfire (safe; 7% risk of failure)
Confirm with . or Enter, or press ? or * to list all spells.
You conjure some foxfire!
An orc comes into view. It is wielding a +1 dagger of venom.
The foxfire hits the orc but does no damage.
The orc is heavily wounded.
You barely miss the orc.
The orc is heavily wounded.
The orc misses you. The orc completely misses you.
You hit the orc but do no damage.
The orc is heavily wounded.
The orc hits you with a +0 whip. The orc hits you with a +0 club.
You hit the orc but do no damage.
The orc is heavily wounded.
The orc hits you with a +0 club. The orc hits you with a +0 whip.
You closely miss the orc.
The orc is heavily wounded.
The orc misses you. The orc hits you with a +0 whip.
Casting: Foxfire (safe; 7% risk of failure)
Confirm with . or Enter, or press ? or * to list all spells.
You don't know that spell.
It was a potion of brilliance.
You feel clever all of a sudden.
Okay, then.
You aren't carrying any scrolls.
You hit the orc but do no damage.
The orc is heavily wounded.
The orc hits you with a +0 club.
* * * LOW HITPOINT WARNING * * *
You barely miss the orc.
The orc is heavily wounded.
The orc closely misses you. The orc hits you with a +0 whip.
You die...

#.#........#.# #.# *
.....####....# #.# ,
####.#####.#####.###*
#...............,
#.#####†#####>#######*
#.# #..............
#.# #######.#######
#.# #######o# #..,,
.....oo@# ###*
*#########


You could see 3 orcs.

Vanquished Creatures
  2 ball pythons
  A frilled lizard (D:2)
  A rat (D:2)
4 creatures vanquished.

Vanquished Creatures (others)
  11 foxfires
11 creatures vanquished.

Grand Total: 15 creatures vanquished

Notes
Turn   | Place    | Note
-------+----------+-------------------------------------------
     0 | D:1      | hawla the Meteoran Fire Elementalist began the quest for
                  | the Orb.
     0 | D:1      | Reached XP level 1. HP: 14/14 MP: 5/5
    73 | D:3      | Found a stormy altar of Qazlal.
   150 | D:3      | Slain by an orc

Illustrated notes

Levels and vault maps discovered:
D:1:      heliophobic_arrival_glass_houses, layout_loops_ring, serial_shops,
          nicolae_shop_tiny_statue_garden, minmay_tetromino_t2
D:2:      layout_loops_ring, chequers_ecumenical_altar_lobes, minmay_cut_off
D:3:      minmay_diamond_boxcup, layout_loops_ring, general_overflow_altar,
          grunt_temple_overflow_open, serial_shops, shop, portal_sewer_entry_a,
          serial_bayou_crossing, uniq_terence

Action                     || total
---------------------------++-------
  Melee: Unarmed           ||     6
   Cast: Foxfire           ||     7
    Use: Potion            ||     1
 Armour: Robe              ||     1
  Dodge: Dodged            ||     4
